AoeStats
← Chaves

Arena

510326646Analyzed
1v1 RM · 2d ago on Sep 30, 2026· 23m 22s· 2 players
Game mode
Random Map
Map size
Tiny (2 player)
Population
200
Speed
Normal
Resources
Standard
Victory
Conquest
Starting age
Dark Age
Ending age
Imperial Age
RankedLock teamsTeams togetherTeam positionsShared explorationLock speedFull tech treeHidden civsTurbo modeCheats
Victory
Defeat
🇳🇴 Persians · Norway
955
+17
🇧🇷 Japanese · Brazil
976
-17
Kimek
6:34 Loom
8:58 Feudal Age
15:05 Castle Age
14:11 Double-Bit Axe
15:18 Horse Collar
Chaves
10:03 Feudal Age
11:25 Double-Bit Axe
12:52 Loom
14:59 Town Watch
18:56 Castle Age
17:56 Scale Mail Armor
19:58 Chain Mail Armor
22:48 Forging
22:35 Gold Mining
22:34 Horse Collar
Connection lost

Rejoining the realm…

Still unreachable

The connection could not be restored.

Session expired

The server has moved on; the page needs a fresh start.